[Event "57th Biel Festival MTO 2024"]
[White "Panda,Barnabas"]
[Black "Saravanan,V.."]
[Site "Biel"]
[Round "6.36"]
[Annotator "RC"]
[Result "1/2-1/2"]
[Date "2024.07.20"]
[WhiteElo "2074"]
[BlackElo "2266"]
[PlyCount "28"]
[TimeControl "60"]

1. d4 Nf6 2. c4 g6 3. g3 Bg7 4. Bg2 d5 5. cxd5 Nxd5 6. Nc3 Nb6 7. Nf3 Nc6 8. e3 O-O 9. O-O Re8 10. b3 e5 11. dxe5 Nxe5 12. Nxe5 Bxe5 13. Bb2 c6 14. Qc2 f5 1/2-1/2